 Dungeon Crawl Stone Soup version 0.29-a0-493-g10c3c7b (webtiles) character file.

Game seed: 13482928729000974685

109 Toastz the Slasher (level 4, 0/34 HPs)
             Began as a Demonspawn Warper on May 27, 2022.
             Slain by Robin
             ... wielding a +2 vorpal falchion
              (7 damage)
             ... on level 3 of the Dungeon.
             The game lasted 00:03:19 (3047 turns).

Toastz the Slasher (Demonspawn Warper)              Turns: 3047, Time: 00:03:20

Health: 0/34       AC:  6    Str: 11    XL:     4   Next: 59%
Magic:  7/7        EV:  9    Int: 15    God:
Gold:   61         SH:  0    Dex: 14    Spells: 5/7 levels left

rFire   . . .      SeeInvis .   a - +0 falchion
rCold   . . .      Faith    .   (no shield)
rNeg    . . .      Spirit   .   l - +0 scale mail
rPois   .          Reflect  .   (no helmet)
rElec   .          Harm     .   (no cloak)
rCorr   +          Rampage  .   (no gloves)
Will    .....                   (no boots)
Stlth   ..........              (no amulet)
HPRegen 0.11/turn               k - ring of resist corrosion
MPRegen 0.10/turn               (no ring)

@: no status effects
A: hooves 1
a: no special abilities


You were on level 3 of the Dungeon.
You visited 1 branch of the dungeon, and saw 3 of its levels.

You collected 61 gold pieces.

Inventory:

Hand Weapons
 a - a +0 falchion (weapon)
 r - a +2 dagger of venom
Missiles
 d - 7 boomerangs of dispersal
 e - 67 stones
 s - 3 javelins (quivered)
 w - 4 poisoned darts
Armour
 b - a +0 leather armour
 l - a +0 scale mail (worn)
 x - a +0 leather armour of cold resistance
Jewellery
 k - a ring of resist corrosion (left hand)
Wands
 v - a wand of acid (12)
Scrolls
 c - a scroll of blinking
 j - 3 scrolls of identify {unknown}
 m - 2 scrolls of enchant weapon {unknown}
 o - 2 scrolls of vulnerability {unknown}
 q - a scroll of amnesia {unknown}
 u - a scroll of fear {unknown}
Potions
 f - a potion of might {unknown}
 g - a potion of invisibility {unknown}
 h - 2 potions of resistance {unknown}
 i - a potion of degeneration {unknown}
 n - 2 potions of cancellation {unknown}
 p - a potion of berserk rage {unknown}
 t - 2 potions of curing {unknown}


   Skills:
 + Level 2.9 Fighting
 * Level 3.4 Long Blades
 - Level 0.9 Throwing
 + Level 1.8 Armour
 - Level 1.8 Dodging
 - Level 2.0 Spellcasting
 - Level 2.7 Translocations


You had 5 spell levels left.
You knew the following spells:

 Your Spells              Type           Power      Damage    Failure   Level
a - Blink                 Tloc           18%        N/A       54%         2

Your spell library contained the following spells:

 Spells                   Type           Power      Damage    Failure   Level
 Magic Dart               Conj           4%         1d3       78%         1
 Gell's Gravitas          Tloc           9%         N/A       78%         3
 Lesser Beckoning         Tloc           9%         N/A       78%         3
 Teleport Other           Tloc           9%         N/A       78%         3
 Call Imp                 Summ           1%         N/A       89%         2
 Mephitic Cloud           Conj/Pois/Air  1%         N/A       98%         3
 Manifold Assault         Tloc           9%         N/A       100%        5


Dungeon Overview and Level Annotations

Branches:
Dungeon (3/15)

Altars:
Xom

Annotations:
D:3 Robin


Innate Abilities, Weirdness & Mutations

You have large cloven feet.


Message History

You hit the rat.
The rat is heavily wounded.
The rat bites you but does no damage.
You hit the rat.
You kill the rat!
You closely miss the goblin. Your kick misses the goblin.
The goblin hits you with a +0 dagger. Robin throws the goblin at you!
The goblin attacks as you move away! The goblin barely misses you.
The goblin unwields a +0 dagger.
The goblin wields a +0 hunting sling.
The goblin shoots a sling bullet.
The sling bullet barely misses you.
The sling bullet hits Robin but does no damage.
Robin hits you with a +2 vorpal falchion.
Items here: ))))) ††††.
You barely miss Robin.
Robin hits you with a +2 vorpal falchion.
You hit the goblin. Your kick misses the goblin.
The goblin is moderately wounded.
Robin hits you with a +2 vorpal falchion.
The goblin unwields a +0 hunting sling.
The goblin wields a +0 dagger.
The goblin barely misses you.
You hit the goblin.
You kill the goblin!
Robin hits you with a +2 vorpal falchion.
* * * LOW HITPOINT WARNING * * *
x2 You hit Robin.
You kick Robin.
Robin is moderately wounded.
Robin says, "My goblins will feast on your bones."
Robin barely misses you.
You closely miss Robin. Your kick misses Robin.
Robin is moderately wounded.
Robin barely misses you.
You completely miss Robin.
Robin is moderately wounded.
Robin closely misses you.
Robin hits you with a +2 vorpal falchion.
* * * LOW HITPOINT WARNING * * *
x2 You hit Robin.
You kick Robin, but do no damage.
Robin is heavily wounded.
Robin hits you with a +2 vorpal falchion!
You die...

#.. .. #.# #.# #
..###.###### #.# #.
..........# #.# ...
#.....##.# #.#
#...#.....##.####.#####
.g................†..#
#.....##)####.###.#####
#[$..g@)......# #......
###.####)###### ###.###
.... .... ......[.#
.....## #.############
####### #.# #.# ..# ##


You could see Robin.

Vanquished Creatures
  Natasha (D:3)
  3 adders
  2 dart slugs
  5 orcs (D:2)
  2 bats
  An endoplasm (D:1)
  A giant cockroach (D:1)
  14 goblins
  3 hobgoblins
  5 kobolds
  A quokka (D:1)
  3 ball pythons
  5 frilled lizards
  3 rats
49 creatures vanquished.

Notes
Turn   | Place    | Note
-------+----------+-------------------------------------------
     0 | D:1      | Toastz the Demonspawn Warper began the quest for the Orb.
     0 | D:1      | Reached XP level 1. HP: 16/16 MP: 3/3
   130 | D:1      | Reached skill level 2 in Long Blades
   324 | D:1      | Gained mutation: You have large cloven feet. [demonic
                  | ancestry]
   324 | D:1      | Reached XP level 2. HP: 22/22 MP: 5/5
   369 | D:1      | Learned a level 2 spell: Blink
   520 | D:1      | Found a faded altar of an unknown god.
   528 | D:1      | Reached skill level 1 in Armour
  1101 | D:2      | Reached XP level 3. HP: 20/28 MP: 6/6
  2636 | D:3      | Found a shimmering altar of Xom.
  2727 | D:3      | Reached skill level 3 in Long Blades
  2856 | D:3      | Noticed Natasha
  2866 | D:3      | Killed Natasha
  2867 | D:3      | Reached XP level 4. HP: 20/34 MP: 7/7
  3023 | D:3      | Noticed Robin
  3047 | D:3      | Slain by Robin

Illustrated notes

Levels and vault maps discovered:
D:1:      dpeg_arrival_pond, layout_loops_ring,
          ebering_ecumenical_altar_sacrificial
D:2:      layout_loops_cross
D:3:      layout_loops_ring, mainiacjoe_overflow_six_doors_small, uniq_robin,
          uniq_natasha

Skill      XL: |  1  2  3 |
---------------+----------+-----
Long Blades    | 2 3 |  3.4
Armour         | 1 |  1.8
Fighting       | |  2.9
Throwing       | |  0.9
Dodging        | |  1.8
Spellcasting   | |  2.0
Translocations | |  2.7

Action                   |  1- 3 |  4- 6 || total
-------------------------+-------+-------++-------
Melee: Falchion          |    98 |    36 ||   134
       Punch             |     1 |     1 ||     2
       Kick              |    14 |     7 ||    21
Throw: Stone             |     2 |       ||     2
       Javelin           |     2 |       ||     2
Armor: Leather armour    |     4 |       ||     4
       Scale mail        |    37 |    18 ||    55
Dodge: Dodged            |    44 |    23 ||    67

Table legend: (Time is in decaauts)
 A = Elapsed time spent in this place.
 B = Non-inter-level travel time spent in this place.
 C = Inter-level travel time spent in this place.
 D = Time resting spent in this place.
 E = Time spent auto-exploring this place.
 F = Levels seen in this place.
 G = Mean time per level.
                   A        B        C        D        E       F      G
               +--------+--------+--------+--------+--------+-----+--------+
         Total |   3073 |   2919 |    154 |    635 |   1892 |   3 | 1024.3 |
       Dungeon |   3073 |   2919 |    154 |    635 |   1892 |   3 | 1024.3 |
               +--------+--------+--------+--------+--------+-----+--------+

Top non-repeatable levels by time:
     D:2: 1437 daAuts
     D:1: 1087 daAuts
     D:3: 548 daAuts
